 Dungeon Crawl Stone Soup version 0.27-a0-1200-g94dc6ad4cf (webtiles) character file.

Game seed: 14168055463098514296

28198 Froggeryz the Brawler (level 13, -1/105 HPs)
             Began as a Purple Draconian Berserker on May 31, 2021.
             Was a High Priest of Trog.
             Slain by a seven-headed hydra (11 damage)
             ... on level 4 of the Lair of Beasts.
             The game lasted 00:21:48 (19892 turns).

Froggeryz the Brawler (Purple Draconian Berserker) Turns: 19892, Time: 00:21:48

Health: -1/105     AC: 12    Str: 24    XL:     13   Next: 8%
Magic:  13/13      EV: 15    Int:  8    God:    Trog [*****.]
Gold:   825        SH:  5    Dex: 11    Spells: 12/12 levels left

rFire    . . .     SeeInvis .     - Unarmed
rCold    . . .     Faith    .   o - +0 buckler
rNeg     + . .     Spirit   .   (armour unavailable)
rPois    .         Reflect  .   (helmet restricted)
rElec    .         Harm     .   h - +0 cloak
rCorr    .         Rampage  .   (no gloves)
Will     +++..                  m - +2 pair of boots {Stlth+}
Stlth    ++........             (no amulet)
HPRegen  1.27/turn              E - ring of positive energy
MPRegen  0.13/turn              (no ring)

@: strong-willed, regenerating
A: breathe power, AC +8, unfitting armour, cold-blooded
a: Breathe Dispelling Energy, Renounce Religion, Berserk, Trog's Hand, Brothers
in Arms


You were on level 4 of the Lair of Beasts.
You worshipped Trog.
Trog was extremely pleased with you.
You visited 3 branches of the dungeon, and saw 15 of its levels.
You also visited: Sewer and Bailey.

You collected 1183 gold pieces.
You spent 358 gold pieces at shops.

Inventory:

Missiles
 d - 52 poisoned darts
 e - 2 throwing nets (quivered)
 q - 5 curare-tipped darts
 u - 8 javelins
Armour
 c - a +2 kite shield of protection
 h - a +0 cloak (worn)
 m - a +2 pair of boots of stealth (worn)
 o - a +0 buckler (worn)
Jewellery
 E - a ring of positive energy (left hand)
 F - a ring of fire
 I - a +4 ring of evasion
Wands
 k - a wand of polymorph (25)
 y - a wand of mindburst (7)
 C - a wand of charming (10)
 D - a wand of paralysis (6)
 J - a wand of acid (9)
Scrolls
 b - 2 scrolls of fog
 j - a scroll of acquirement {unknown}
 p - 7 scrolls of teleportation
 r - a scroll of immolation
 t - 3 scrolls of enchant weapon
 w - 2 scrolls of enchant armour
 z - a scroll of magic mapping
 A - 2 scrolls of identify
 L - a scroll of holy word {unknown}
 M - a scroll of fear {unknown}
 N - a scroll of silence {unknown}
Potions
 a - 10 potions of curing
 f - 2 potions of attraction {unknown}
 g - 4 potions of heal wounds
 i - 2 potions of magic {unknown}
 l - 5 potions of flight
 n - 2 potions of lignification {unknown}
 s - a potion of might {unknown}
 v - a potion of haste
 x - a potion of cancellation {unknown}
 B - 2 potions of berserk rage
 G - a potion of brilliance {unknown}
 H - a potion of ambrosia {unknown}
 K - a potion of invisibility {unknown}


   Skills:
 - Level 7.2 Fighting
 - Level 9.0 Dodging
 + Level 7.1 Shields
 + Level 17.3 Unarmed Combat


You had 12 spell levels left.
You didn't know any spells.
Your spell library was empty.

Dungeon Overview and Level Annotations

Branches:
Dungeon (10/15)            Temple (0/1) D:5            Lair (4/6) D:10
  Swamp (0/4) Lair:4        Snake (1/4) Lair:3          Orc (0/2) D:9
  Sewer (visited)          Bailey (visited)

Altars:
Ashenzari
Cheibriados
Gozag
Qazlal
Ru
Wu Jian

Shops:
D:2 [   D:6 !   D:7 [   D:9 (   D:10 !

Annotations:
Lair:4 1 transporter


Innate Abilities, Weirdness & Mutations

You can breathe bolts of dispelling energy.
Your rich purple scales are hard. (AC +8)
You cannot fit into any form of body armour.
You are cold-blooded and may be slowed by cold attacks.


Message History

* * * LOW HITPOINT WARNING * * *
The seven-headed hydra bites you.
* * * LOW HITPOINT WARNING * * *
The seven-headed hydra barely misses you.
The seven-headed hydra bites you but does no damage.
The seven-headed hydra bites you!
* * * LOW HITPOINT WARNING * * *
The seven-headed hydra bites you but does no damage.
Unknown command.
Unknown command.
You completely miss the seven-headed hydra.
The seven-headed hydra is almost dead.
The dream sheep bleats!
You hit the seven-headed hydra but do no damage.
The seven-headed hydra is almost dead.
Something bites the bush but does no damage.
A dream sheep comes into view.
The seven-headed hydra bites you.
* * * LOW HITPOINT WARNING * * *
The seven-headed hydra bites you but does no damage.
The seven-headed hydra bites you!
* * * LOW HITPOINT WARNING * * *
You block the seven-headed hydra's attack.
The seven-headed hydra bites you.
* * * LOW HITPOINT WARNING * * *
The seven-headed hydra barely misses you.
The seven-headed hydra closely misses you.
Okay, then.
You feel much better.
Something bites the bush.
The dream sheep bites the plant.
The plant begins to die.
The seven-headed hydra barely misses you.
The seven-headed hydra bites you.
* * * LOW HITPOINT WARNING * * *
You block the seven-headed hydra's attack.
The seven-headed hydra bites you.
* * * LOW HITPOINT WARNING * * *
The seven-headed hydra completely misses you.
You block the seven-headed hydra's attack.
The seven-headed hydra bites you!
You die...

#####
#...# .
##.... .Y#
##....
YP#....###
...YY#[
#PPD##
#@..###♣#
#.......♣#
##.......#
##..##♣..#
##..## ♣ .
#..##
#..## ##
#...##.#
###..#)#


You could see a seven-headed hydra and 4 dream sheep.

Vanquished Creatures
  6 hydras
  2 two-headed ogres (D:10)
  A boulder beetle (Lair:4)
  2 bog bodies (Lair:4)
  An orc knight (Bailey)
  2 oklob plants (Lair:3)
  6 elephants (Lair:3)
  2 black mambas (Lair:3)
  Joseph (Lair:1)
  6 cane toads
  A rime drake (Lair:2)
  3 komodo dragons
  An unseen horror (D:10)
  A polar bear (Lair:2)
  A troll (D:9)
  4 dream sheep (Lair:3)
  3 blink frogs (Lair:4)
  A shadow (D:10)
  5 wyverns
  28 yaks
  A fire bat (Bailey)
  3 steam dragons (D:8)
  Eustachio (D:5)
  2 basilisks (D:8)
  2 nagas (Lair:3)
  13 water moccasins
  7 orc warriors
  5 black bears
  An ice beast (D:5)
  2 sky beasts (D:5)
  A hornet zombie (D:8)
  4 ogres
  3 centaurs
  A phantom (D:5)
  3 kobold brigands
  3 scorpions
  7 bullfrogs
  8 killer bees
  13 wights
  4 centaur zombies
  A hound (D:5)
  A gnoll shaman (D:6)
  3 jellies (D:5)
  A centaur skeleton (D:6)
  4 iguanas
  4 orc wizards
  A killer bee zombie (D:8)
  A hound skeleton (D:5)
  A howler monkey zombie (D:5)
  9 gnolls
  7 adders
  A river rat (Sewer)
  2 shadow imps (D:7)
  4 white imps
  2 worms
  3 dart slugs
  37 orcs
  7 endoplasms
  3 giant cockroaches
  5 goblins
  7 hobgoblins
  4 jackals (D:2)
  23 kobolds
  2 quokkas
  11 ball pythons
  7 bats
  2 frilled lizards
  36 rats
350 creatures vanquished.

Vanquished Creatures (others)
  15 fungi
  29 plants
44 creatures vanquished.

Grand Total: 394 creatures vanquished

Notes
Turn   | Place    | Note
-------+----------+-------------------------------------------
     0 | D:1      | Froggeryz the Draconian Berserker began the quest for the
                  | Orb.
     0 | D:1      | Reached XP level 1. HP: 19/19 MP: 1/1
   474 | D:1      | Reached XP level 2. HP: 26/26 MP: 2/2
   588 | D:1      | Reached skill level 4 in Unarmed Combat
   750 | D:1      | Reached XP level 3. HP: 31/31 MP: 3/3
   787 | D:1      | Reached ** piety under Trog
  1527 | D:2      | Reached XP level 4. HP: 34/38 MP: 4/4
  1569 | D:2      | Found Doneqad's Armour Emporium.
  1577 | D:2      | Reached skill level 5 in Unarmed Combat
  2264 | D:3      | Noticed a scorpion
  2273 | D:3      | Killed a scorpion
  2274 | D:3      | Reached skill level 1 in Shields
  2274 | D:3      | Reached XP level 5. HP: 45/45 MP: 5/5
  2851 | D:4      | Reached skill level 6 in Unarmed Combat
  2905 | D:4      | Reached *** piety under Trog
  2922 | D:4      | Found a glowing drain.
  2961 | Sewer    | Entered a sewer
  3129 | Sewer    | Reached XP level 6. HP: 22/51 MP: 6/6
  3643 | Sewer    | Reached **** piety under Trog
  4480 | D:5      | Entered Level 5 of the Dungeon
  4501 | D:5      | Reached skill level 7 in Unarmed Combat
  4501 | D:5      | Your scales start taking on a rich purple colour.
  4501 | D:5      | Reached XP level 7. HP: 26/57 MP: 7/7
  4953 | D:5      | Found a staircase to the Ecumenical Temple.
  5209 | D:5      | Found a stormy altar of Qazlal.
  5209 | D:5      | Found an ornate altar of the Wu Jian Council.
  5226 | D:5      | Found a broken altar of Ashenzari.
  5228 | D:5      | Found an opulent altar of Gozag.
  5230 | D:5      | Found a faded altar of an unknown god.
  5310 | D:5      | Reached skill level 8 in Unarmed Combat
  5471 | D:5      | Reached XP level 8. HP: 50/63 MP: 8/8
  5778 | D:6      | Noticed Eustachio
  5865 | D:5      | Reached skill level 9 in Unarmed Combat
  5868 | D:5      | Reached skill level 5 in Shields
  6081 | D:5      | Killed Eustachio
  6283 | D:6      | Found Maatat's Distillery.
  6291 | D:6      | Bought a potion of curing for 33 gold pieces
  6291 | D:6      | Bought a potion of haste for 110 gold pieces
  6291 | D:6      | Bought a potion of heal wounds for 55 gold pieces
  6333 | D:6      | Reached skill level 10 in Unarmed Combat
  6797 | D:6      | Reached XP level 9. HP: 51/71 MP: 9/9
  7133 | D:7      | Found Umatay's Armour Shop.
  7430 | D:7      | Found a sacrificial altar of Ru.
  7682 | D:7      | Reached skill level 5 in Fighting
  7834 | D:7      | Reached skill level 11 in Unarmed Combat
  8174 | D:8      | Reached ***** piety under Trog
  8321 | D:8      | Found a flagged portal.
  8333 | Bailey   | Entered a bailey
  8404 | Bailey   | Noticed an orc knight
  8804 | Bailey   | Killed an orc knight
  9039 | Bailey   | Reached skill level 12 in Unarmed Combat
  9450 | Bailey   | Reached XP level 10. HP: 39/84 MP: 10/10
 10172 | D:8      | HP: 6/127 [basilisk (9)]
 10174 | D:8      | HP: 2/129 [basilisk (4)]
 11488 | D:9      | Reached skill level 13 in Unarmed Combat
 11818 | D:9      | Found a staircase to the Orcish Mines.
 11834 | D:9      | Found Xabedil's Weapon Shoppe.
 12902 | D:10     | Entered Level 10 of the Dungeon
 13020 | D:10     | Reached skill level 5 in Dodging
 13026 | D:10     | Reached XP level 11. HP: 78/92 MP: 11/11
 13047 | D:10     | Reached skill level 14 in Unarmed Combat
 13373 | D:10     | Found a staircase to the Lair.
 13692 | D:10     | Received a gift from Trog
 13768 | D:10     | Found a snail-covered altar of Cheibriados.
 13768 | D:10     | Noticed a two-headed ogre
 13784 | D:10     | Killed a two-headed ogre
 13850 | D:10     | Found Teejent's Distillery.
 13874 | D:10     | Bought a potion of heal wounds for 80 gold pieces
 13874 | D:10     | Bought a potion of berserk rage for 80 gold pieces
 14094 | D:10     | Noticed a two-headed ogre
 14103 | D:10     | Killed a two-headed ogre
 14392 | Lair:1   | Entered Level 1 of the Lair of Beasts
 14392 | Lair:1   | Noticed Joseph
 14402 | Lair:1   | Killed Joseph
 14582 | Lair:1   | Noticed a five-headed hydra
 14598 | Lair:1   | Killed a five-headed hydra
 14599 | Lair:1   | Reached skill level 15 in Unarmed Combat
 15103 | Lair:1   | Noticed a seven-headed hydra
 15113 | Lair:1   | Killed a seven-headed hydra
 16195 | Lair:2   | Reached XP level 12. HP: 65/100 MP: 12/12
 16679 | Lair:2   | You fall into a shaft and drop 1 floor!
 16698 | Lair:3   | Noticed a four-headed hydra
 16735 | Lair:3   | Killed a four-headed hydra
 16791 | Lair:3   | Reached skill level 16 in Unarmed Combat
 16861 | Lair:3   | Noticed a four-headed hydra
 16864 | Lair:3   | Noticed a four-headed hydra
 17216 | Lair:3   | Killed a four-headed hydra
 17485 | Lair:3   | Killed a four-headed hydra
 17559 | Lair:3   | Found a staircase to the Snake Pit.
 18786 | Lair:4   | Noticed a boulder beetle
 18805 | Lair:4   | Killed a boulder beetle
 18806 | Lair:4   | Reached skill level 17 in Unarmed Combat
 19056 | Lair:4   | Found a staircase to the Swamp.
 19066 | Lair:4   | Noticed a four-headed hydra
 19082 | Lair:4   | Killed a four-headed hydra
 19083 | Lair:4   | Reached XP level 13. HP: 105/105 MP: 13/13
 19664 | Snake:1  | Entered Level 1 of the Snake Pit
 19871 | Lair:4   | Found the +8 demon blade "Leech" {vamp, *Rage +Rage rN+}
 19875 | Lair:4   | Found a transporter.
 19891 | Lair:4   | HP: 2/105 [seven-headed hydra (8)]
 19892 | Lair:4   | Slain by a seven-headed hydra

Illustrated notes

Levels and vault maps discovered:
D:1:      lemuel_arrival_muddy, layout_loops_ring,
          chequers_serial_rivers_micro_b, minmay_rat_gold_closets
D:2:      layout_basic, serial_shops, nicolae_shop_waterfront,
          minmay_quadrilaterals
D:3:      layout_basic
D:4:      layout_basic, portal_sewer_entry_b
D:5:      layout_rooms, chequers_temple_overflow_minitemple,
          minmay_temple_entry_stoned_glass
D:6:      layout_loops_ring, serial_shops,
          nicolae_shop_competitors_out_of_business, minmay_fractal_squares_5,
          uniq_eustachio
D:7:      layout_basic, lemuel_crystal_altar, serial_shops, nicolae_shop_crystal
D:8:      cheibrodos_fzero, layout_gridville, enter_bailey_4
D:9:      layout_basic, orc_david_3, grunt_decor_one_mirror
D:10:     layout_basic, kennysheep_slug_shrine, minmay_lair_entry_grove,
          serial_shops, shop
Lair:1:   wander_river, layout_regular_city, uniq_joseph
Lair:2:   layout_gridlike, st_stairs_8, serial_bayou_shore_b,
          infiniplex_staircase_pool, grunt_megastairs_2
Lair:3:   layout_long_grid, guppyfry_snake_entry_garden, st_stairs_13,
          minmay_lair_oklob_chamber, lemuel_fruit_fields
Lair:4:   layout_roguey, skrybe_swamp_entry_bodies,
          gammafunk_ghost_abyssal_escape
Snake:1:  layout_rooms, serial_bayou, serial_bayou_shore_b,
          serial_bayou_lagoon_a, serial_bayou_pond_c, serial_bayou_crossing,
          nicolae_alphabet_shops

Skill      XL: |  1  2  3  4  5  6  7  8  9 10 11 12 13 |
---------------+----------------------------------------+-----
Unarmed Combat | 4 5 6 7 8 10 12 13 15 17 | 17.3
Shields        | 1 2 3 4 5 6 7 |  7.1
Fighting       | 4 6 7 |  7.2
Dodging        | 5 7 9 |  9.0

Action                   |  1- 3 |  4- 6 |  7- 9 | 10-12 | 13-15 || total
-------------------------+-------+-------+-------+-------+-------++-------
Melee: Unarmed           |   114 |   259 |   313 |   680 |    39 ||  1405
       Tailslap          |    13 |    27 |    52 |   104 |     3 ||   199
       Punch             |     3 |     3 |     5 |       |       ||    11
Throw: Dart              |       |       |    14 |       |       ||    14
       Throwing net      |       |       |     3 |       |       ||     3
Invok: Berserk           |     1 |     3 |    12 |    16 |       ||    32
       Trog's Hand       |       |       |       |     2 |     1 ||     3
 Abil: Breathe Dispellin |       |       |     2 |       |       ||     2
Evoke: Wand              |       |       |     8 |       |       ||     8
  Use: Scroll            |       |     6 |     3 |     4 |       ||    13
       Potion            |       |       |     1 |     4 |     1 ||     6
 Stab: Sleeping          |     3 |       |       |     4 |       ||     7
       Held in net/web   |       |       |     1 |       |       ||     1
       Distracted        |       |       |       |     1 |       ||     1
Armor: Skin              |    37 |    98 |   128 |   202 |    13 ||   478
Dodge: Dodged            |    76 |   196 |   242 |   349 |    42 ||   905
Block: Buckler           |       |       |    70 |   123 |    13 ||   206

Table legend: (Time is in decaauts)
 A = Elapsed time spent in this place.
 B = Non-inter-level travel time spent in this place.
 C = Inter-level travel time spent in this place.
 D = Time resting spent in this place.
 E = Time spent auto-exploring this place.
 F = Levels seen in this place.
 G = Mean time per level.
                   A        B        C        D        E       F      G
               +--------+--------+--------+--------+--------+-----+--------+
         Total |  19938 |  19293 |    645 |   5321 |  11070 |  17 | 1172.8 |
       Dungeon |  12189 |  11671 |    518 |   2725 |   7395 |  10 | 1218.9 |
          Lair |   5233 |   5106 |    127 |   1650 |   2753 |   4 | 1308.2 |
     Snake Pit |      1 |      1 |      0 |      0 |      0 |   1 |    1.0 |
         Sewer |   1152 |   1152 |      0 |    315 |    609 |   1 | 1152.0 |
        Bailey |   1361 |   1361 |      0 |    630 |    312 |   1 | 1361.0 |
               +--------+--------+--------+--------+--------+-----+--------+

Top non-repeatable levels by time:
  Lair:3: 2118 daAuts
     D:9: 1838 daAuts
    D:10: 1772 daAuts
     D:8: 1728 daAuts
     D:5: 1505 daAuts
  Lair:2: 1380 daAuts
  Bailey: 1361 daAuts
   Sewer: 1152 daAuts
  Lair:1: 1141 daAuts
     D:1: 1060 daAuts
     D:6: 937 daAuts
     D:7: 904 daAuts
     D:2: 903 daAuts
     D:3: 785 daAuts
     D:4: 753 daAuts
